Devils vs Flames

Created - 29 octobre 2018 at 19:53

Goals
1 2 3 T
Devils 2 1 0 3
Flames 0 1 0 1
Shots
1 2 3 T
Devils 13 19 8 40
Flames 11 6 7 24

1st period

1. Devils , Bo Horvat 6 (Dakota Mermis 1, Sam Reinhart 4) at 7:38
2. Devils , Nicklas Backstrom 2 (Kevin Hayes 4, Dustin Brown 2) at 12:47 (PP)

Penalties :
Darren Helm (NJD) for Tripping (Minor) at 9:07, Artem Anisimov (CGY) for Holding Stick (Minor) at 11:18, Shayne Gostisbehere (NJD) for Hooking (Minor) at 16:31

2nd period

3. Flames , Artem Anisimov 2 (Viktor Arvidsson 3, Brady Skjei 1) at 7:30
4. Devils , Mike Cammalleri 1 (Antoine Vermette 1, Dakota Mermis 2) at 10:44

Penalties :
David Kampf (CGY) for Holding (Minor) at 15:12

3rd period

No Goal

Penalties :
Darren Helm (NJD) for Hooking (Minor) at 17:45

Goalie Stats

Antti Niemi (NJD), 23 saves from 24 shots - (0.958), W, 6-1-0, 60:00 minutes
Andrei Vasilevskiy (CGY), 37 saves from 40 shots - (0.925), L, 4-3-0, 60:00 minutes

Players Stats for Devils

Player Name              G  A  P  +/- PIM S  H  SB GA TA FO     MP     PP MP  PK MP  
------------------------------------------------------------------------------------
Antoine Vermette         0  1  1   1  0   2  1  0  0  0  4/8     6:19   0:00   0:00 
Bo Horvat                1  0  1   1  0   6  0  1  0  0  15/20  21:06   1:38   3:37 
Dakota Mermis            0  2  2   2  0   1  2  1  0  0  0/0    15:37   0:00   0:09 
Darren Helm              0  0  0   1  4   3  2  1  0  0  1/1    17:27   1:38   0:00 
Dustin Brown             0  1  1  -1  0   0  4  0  0  0  1/3    19:24   1:50   1:47 
Eric Fehr                0  0  0   0  0   5  1  2  0  0  0/0    13:00   0:00   0:00 
Jordan Staal             0  0  0   0  0   1  4  0  0  0  11/17  15:27   0:00   1:47 
Justin Schultz           0  0  0  -1  0   2  1  0  0  0  0/0    24:08   1:10   3:15 
Kevin Hayes              0  1  1  -1  0   3  0  0  0  0  0/1    17:37   1:50   0:00 
Mike Cammalleri          1  0  1   1  0   3  0  0  0  0  0/0     5:57   0:00   0:00 
Nicklas Backstrom        1  0  1  -1  0   4  0  0  0  0  10/26  24:49   1:15   4:07 
Pavel Zacha              0  0  0   0  0   2  0  0  0  0  0/0    13:36   0:00   0:36 
Ryan Pulock              0  0  0   0  0   3  1  0  0  0  0/0    20:22   2:18   3:20 
Sam Reinhart             0  1  1   1  0   3  0  0  0  0  0/3    17:29   1:38   0:00 
Scott Wilson             0  0  0   1  0   0  0  0  0  0  1/1     2:52   0:35   0:00 
Shayne Gostisbehere      0  0  0  -1  2   0  3  2  0  0  0/0    23:20   1:10   2:10 
Tim Heed                 0  0  0   2  0   2  0  1  0  0  0/0    15:48   0:20   0:00 
Travis Dermott           0  0  0   0  0   0  2  0  0  0  0/0    19:42   1:58   3:00 

Players Stats for Flames

Player Name              G  A  P  +/- PIM S  H  SB GA TA FO     MP     PP MP  PK MP  
------------------------------------------------------------------------------------
Adam Lowry               0  0  0  -1  0   3  3  1  0  0  17/27  21:28   3:30   1:06 
Alec Martinez            0  0  0  -1  0   0  1  1  0  0  0/0    21:42   3:03   1:21 
Alexander Radulov        0  0  0  -1  0   4  3  0  0  0  0/3    22:07   3:30   1:45 
Artem Anisimov           1  0  1   1  2   1  0  0  0  0  4/18   11:36   0:00   0:00 
Brady Skjei              0  1  1   0  0   2  2  1  0  0  0/0    13:57   0:00   0:00 
Brandon Sutter           0  0  0  -1  0   1  2  1  0  0  12/19  19:33   2:27   1:27 
David Kampf              0  0  0   0  2   1  0  0  0  0  0/0     6:26   0:00   0:00 
James van Riemsdyk       0  0  0  -1  0   0  0  0  0  0  0/2    18:06   2:27   0:00 
Jared Spurgeon           0  0  0  -1  0   1  0  1  0  0  0/0    21:42   3:03   1:21 
Jason Garrison           0  0  0   0  0   0  2  0  0  0  0/0    13:57   0:00   0:00 
John Carlson             0  0  0   0  0   1  1  3  0  0  0/0    24:21   2:54   2:07 
Jordan Martinook         0  0  0   0  0   2  2  0  0  0  0/0     6:27   0:00   0:00 
Justin Faulk             0  0  0   0  0   0  2  3  0  0  0/0    24:21   2:54   2:07 
Kyle Palmieri            0  0  0  -1  0   5  0  0  0  0  0/0    19:33   2:27   1:27 
Matthew Peca             0  0  0   0  0   0  0  0  0  0  4/10    7:34   0:00   1:07 
Rick Nash                0  0  0  -1  0   1  3  0  0  0  0/0    20:26   3:30   0:04 
Timo Meier               0  0  0   1  0   1  2  0  0  0  0/0    11:37   0:00   0:00 
Viktor Arvidsson         0  1  1   1  0   1  0  0  0  0  0/1    11:37   0:00   0:00 

3 Stars

1 - Dakota Mermis (NJD)
2 - Bo Horvat (NJD)
3 - Mike Cammalleri (NJD)

Power Play

Devils - 1 on 2 Attempt(s) - 50.00%
Flames - 0 on 3 Attempt(s) - 0.00%

Penalty Kill

Devils - 3 on 3 Attempt(s) - 100.00% - Score 0 goal in Penalty Kill
Flames - 1 on 2 Attempt(s) - 50.00% - Score 0 goal in Penalty Kill

Team Stat

Devils - Hits : 21 - Faceoff Wins : 43 - Blocked Shots : 8 - Penalty Minutes : 6
Flames - Hits : 23 - Faceoff Wins : 37 - Blocked Shots : 11 - Penalty Minutes : 4

Official

Referees : Graham Skiliter and Mark Lemelin
Linesman : Ryan Galloway and Brad Kovachik

Game Notes

No Game Note

Finance

Level 1 -- Attendance: 6365 (97.92%) -- Ticket Income 636 500 $
Level 2 -- Attendance: 5000 (100.00%) -- Ticket Income 275 000 $
Level 3 -- Attendance: 3500 (100.00%) -- Ticket Income 140 000 $
Level 4 -- Attendance: 2780 (84.52%) -- Ticket Income 55 600 $
Luxury Box -- Attendance: 1000 (100.00%) -- Ticket Income 125 000 $
Game was played at the Scotiabank Saddledome.
Total Attendance: 18645 (96.66%)
Total Ticket Income: 1 232 100 $
Other Income: 603 729 $
Total Income: 1 835 829 $

% Time on Ice - Devils

Lines # - Real PCT - Wanted PCT - Time Play
Normal Forward
1 - 31% - 40% - 15:47
2 - 31% - 30% - 15:51
3 - 26% - 20% - 13:00
4 - 12% - 10% - 5:57
Normal Defense
1 - 38% - 40% - 19:17
2 - 29% - 30% - 14:44
3 - 31% - 20% - 15:28
4 - 2% - 10% - 1:06
PP Forward
1 - 53% - 60% - 1:50
2 - 47% - 40% - 1:38
PP Defense
1 - 34% - 60% - 1:10
2 - 66% - 40% - 2:18
PK Forward
1 - 70% - 60% - 4:10
2 - 30% - 40% - 1:47
PK Defense
1 - 55% - 60% - 3:15
2 - 45% - 40% - 2:42
PK3 Forward
1 - 0% - 60%
2 - 0% - 40%
PK3 Defense
1 - 0% - 60%
2 - 0% - 40%
44 Forward
1 - 0% - 60%
2 - 0% - 40%
44 Defense
1 - 0% - 60%
2 - 0% - 40%
Last Minute Offensive  - 0:00
Last Minute Defensive  - 0:00
Total
Forward - 60:00
Defense - 60:00

% Time on Ice - Flames

Lines # - Real PCT - Wanted PCT - Time Play
Normal Forward
1 - 33% - 40% - 16:52
2 - 31% - 30% - 15:39
3 - 23% - 20% - 11:37
4 - 13% - 10% - 6:27
Normal Defense
1 - 35% - 40% - 17:43
2 - 34% - 30% - 17:18
3 - 28% - 20% - 13:57
4 - 3% - 10% - 1:37
PP Forward
1 - 59% - 60% - 3:30
2 - 41% - 40% - 2:27
PP Defense
1 - 49% - 60% - 2:54
2 - 51% - 40% - 3:03
PK Forward
1 - 58% - 60% - 2:01
2 - 42% - 40% - 1:27
PK Defense
1 - 61% - 60% - 2:07
2 - 39% - 40% - 1:21
PK3 Forward
1 - 0% - 60%
2 - 0% - 40%
PK3 Defense
1 - 0% - 60%
2 - 0% - 40%
44 Forward
1 - 0% - 60%
2 - 0% - 40%
44 Defense
1 - 0% - 60%
2 - 0% - 40%
Last Minute Offensive  - 0:00
Last Minute Defensive  - 0:00
Total
Forward - 60:00
Defense - 60:00

Play-by-Play

1st period


0:01 of 1st period - Adam Lowry wins face-off versus Nicklas Backstrom in neutral zone.
0:11 of 1st period - Shayne Gostisbehere is hit by Justin Faulk and loses puck.
0:20 of 1st period - Shot by Alexander Radulov.
0:20 of 1st period - Stopped by Antti Niemi without a rebound.
0:21 of 1st period - Brandon Sutter wins face-off versus Sam Reinhart in Devils zone.
2:13 of 1st period - Shot by Nicklas Backstrom.
2:13 of 1st period - Shot Blocked by John Carlson.
2:15 of 1st period - Shot by Nicklas Backstrom.
2:15 of 1st period - Deflect By Kevin Hayes.
2:15 of 1st period - Shot Misses the Net.
2:51 of 1st period - Justin Faulk is hit by Jordan Staal and loses puck.
2:57 of 1st period - Icing by Justin Faulk.
2:58 of 1st period - Adam Lowry wins face-off versus Antoine Vermette in Flames zone.
3:22 of 1st period - Jordan Martinook is hit by Dakota Mermis.
3:43 of 1st period - David Kampf is hit by Antoine Vermette.
3:48 of 1st period - Icing by Jared Spurgeon.
3:49 of 1st period - Jordan Staal wins face-off versus Matthew Peca in Flames zone.
3:53 of 1st period - Icing by Matthew Peca.
3:54 of 1st period - Jordan Staal wins face-off versus Matthew Peca in Flames zone.
3:55 of 1st period - Shot by Eric Fehr.
3:55 of 1st period - Shot Misses the Net.
4:48 of 1st period - Icing by Jason Garrison.
4:49 of 1st period - Brandon Sutter wins face-off versus Bo Horvat in Flames zone.
4:49 of 1st period - Brandon Sutter is hit by Darren Helm.
5:05 of 1st period - Off-side.
5:06 of 1st period - Adam Lowry wins face-off versus Nicklas Backstrom in neutral zone.
5:27 of 1st period - Shot by Nicklas Backstrom.
5:27 of 1st period - Stopped by Andrei Vasilevskiy without a rebound.
5:28 of 1st period - Bo Horvat wins face-off versus Artem Anisimov in Flames zone.
5:32 of 1st period - Icing by Alec Martinez.
5:33 of 1st period - Jordan Staal wins face-off versus Artem Anisimov in Flames zone.
6:28 of 1st period - Off-side.
6:29 of 1st period - Nicklas Backstrom wins face-off versus Adam Lowry in neutral zone.
7:00 of 1st period - Shot by Nicklas Backstrom.
7:00 of 1st period - Shot Blocked by Justin Faulk.
7:02 of 1st period - Shot by Dustin Brown.
7:02 of 1st period - Shot Misses the Net.
7:04 of 1st period - Shot by Kevin Hayes.
7:04 of 1st period - Shot Misses the Net.
7:30 of 1st period - Shot by Sam Reinhart.
7:30 of 1st period - Shot Misses the Net.
7:32 of 1st period - Shot by Dakota Mermis.
7:32 of 1st period - Stopped by Andrei Vasilevskiy with a rebound.
7:34 of 1st period - Shot by Bo Horvat.
7:34 of 1st period - Stopped by Andrei Vasilevskiy with a rebound.
7:36 of 1st period - Shot by Dakota Mermis.
7:36 of 1st period - Shot Blocked by Brandon Sutter.
7:38 of 1st period - Shot by Bo Horvat.
7:38 of 1st period - Goal by Bo Horvat - Devils : 1 - Flames : 0.
7:39 of 1st period - Antoine Vermette wins face-off versus Matthew Peca in neutral zone.
7:52 of 1st period - Shot by Mike Cammalleri.
7:52 of 1st period - Stopped by Andrei Vasilevskiy without a rebound.
7:53 of 1st period - Brandon Sutter wins face-off versus Jordan Staal in Flames zone.
8:10 of 1st period - Shot by Jordan Staal.
8:10 of 1st period - Shot Misses the Net.
8:15 of 1st period - Brandon Sutter is hit by Dakota Mermis and loses puck.
8:22 of 1st period - Shot by Kyle Palmieri.
8:22 of 1st period - Stopped by Antti Niemi without a rebound.
8:23 of 1st period - Bo Horvat wins face-off versus Artem Anisimov in Devils zone.
8:32 of 1st period - Shot by Darren Helm.
8:32 of 1st period - Shot Blocked by Justin Faulk.
8:34 of 1st period - Shot by Darren Helm.
8:34 of 1st period - Stopped by Andrei Vasilevskiy without a rebound.
8:35 of 1st period - Nicklas Backstrom wins face-off versus Adam Lowry in Flames zone.
8:42 of 1st period - Shot by Kevin Hayes.
8:42 of 1st period - Stopped by Andrei Vasilevskiy with a rebound.
8:50 of 1st period - Shot by Nicklas Backstrom.
8:50 of 1st period - Shot Blocked by John Carlson.
8:52 of 1st period - Shot by Ryan Pulock.
8:52 of 1st period - Stopped by Andrei Vasilevskiy without a rebound.
8:53 of 1st period - Brandon Sutter wins face-off versus Bo Horvat in Flames zone.
9:07 of 1st period - Minor Penalty to Darren Helm for Tripping.
9:08 of 1st period - Adam Lowry wins face-off versus Nicklas Backstrom in Devils zone.
10:17 of 1st period - Shot by Brandon Sutter.
10:17 of 1st period - Shot Hit the Post.
10:51 of 1st period - Shot by Justin Faulk.
10:51 of 1st period - Shot Misses the Net.
10:53 of 1st period - Shot by John Carlson.
10:53 of 1st period - Stopped by Antti Niemi with a rebound.
11:12 of 1st period - Timo Meier is hit by Jordan Staal.
11:18 of 1st period - Minor Penalty to Artem Anisimov for Holding Stick.
11:19 of 1st period - Scott Wilson wins face-off versus Alexander Radulov in Flames zone.
11:43 of 1st period - Shot by Ryan Pulock.
11:43 of 1st period - Shot Blocked by Jared Spurgeon.
11:45 of 1st period - Shot by Kevin Hayes.
11:45 of 1st period - Stopped by Andrei Vasilevskiy with a rebound.
11:47 of 1st period - Shot by Dustin Brown.
11:47 of 1st period - Shot Misses the Net.
11:49 of 1st period - Shot by Kevin Hayes.
11:49 of 1st period - Stopped by Andrei Vasilevskiy with a rebound.
12:43 of 1st period - Shot by Nicklas Backstrom.
12:43 of 1st period - Shot Blocked by John Carlson.
12:45 of 1st period - Shot by Kevin Hayes.
12:45 of 1st period - Shot Misses the Net.
12:47 of 1st period - Shot by Nicklas Backstrom.
12:47 of 1st period - Goal by Nicklas Backstrom - Devils : 2 - Flames : 0.
12:48 of 1st period - Artem Anisimov wins face-off versus Jordan Staal in neutral zone.
13:03 of 1st period - Shot by Viktor Arvidsson.
13:03 of 1st period - Stopped by Antti Niemi without a rebound.
13:04 of 1st period - Matthew Peca wins face-off versus Antoine Vermette in Devils zone.
13:07 of 1st period - Shot by Jordan Martinook.
13:07 of 1st period - Stopped by Antti Niemi without a rebound.
13:08 of 1st period - Jordan Staal wins face-off versus Artem Anisimov in Devils zone.
13:08 of 1st period - Jordan Staal is hit by Timo Meier.
13:27 of 1st period - Off-side.
13:28 of 1st period - Adam Lowry wins face-off versus Nicklas Backstrom in neutral zone.
13:40 of 1st period - Dustin Brown is hit by Rick Nash and loses puck.
14:29 of 1st period - Shot by Bo Horvat.
14:29 of 1st period - Stopped by Andrei Vasilevskiy without a rebound.
14:30 of 1st period - Jordan Staal wins face-off versus Brandon Sutter in Flames zone.
14:31 of 1st period - Shot by Eric Fehr.
14:31 of 1st period - Stopped by Andrei Vasilevskiy with a rebound.
14:49 of 1st period - Shot by Brandon Sutter.
14:49 of 1st period - Deflect By Kyle Palmieri.
14:49 of 1st period - Stopped by Antti Niemi with a rebound.
14:51 of 1st period - Shot by Justin Faulk.
14:51 of 1st period - Deflect By Kyle Palmieri.
14:51 of 1st period - Stopped by Antti Niemi without a rebound.
14:52 of 1st period - Bo Horvat wins face-off versus Artem Anisimov in Devils zone.
16:20 of 1st period - Shot by Kyle Palmieri.
16:20 of 1st period - Stopped by Antti Niemi without a rebound.
16:21 of 1st period - Adam Lowry wins face-off versus Nicklas Backstrom in Devils zone.
16:27 of 1st period - Alexander Radulov is hit by Justin Schultz and loses puck.
16:31 of 1st period - Minor Penalty to Shayne Gostisbehere for Hooking.
16:32 of 1st period - Jordan Staal wins face-off versus Adam Lowry in Devils zone.
16:32 of 1st period - Jordan Staal is hit by Rick Nash.
17:09 of 1st period - Shot by Alexander Radulov.
17:09 of 1st period - Stopped by Antti Niemi without a rebound.
17:10 of 1st period - Jordan Staal wins face-off versus Brandon Sutter in Devils zone.
17:39 of 1st period - Shot by James van Riemsdyk.
17:39 of 1st period - Shot Blocked by Bo Horvat.
17:47 of 1st period - Shot by John Carlson.
17:47 of 1st period - Shot Misses the Net.
18:05 of 1st period - Shot by Adam Lowry.
18:05 of 1st period - Stopped by Antti Niemi with a rebound.
18:33 of 1st period - Shayne Gostisbehere is hit by Jordan Martinook and loses puck.
18:40 of 1st period - Shot by Jordan Martinook.
18:40 of 1st period - Stopped by Antti Niemi without a rebound.
18:41 of 1st period - Jordan Staal wins face-off versus Artem Anisimov in Devils zone.
18:41 of 1st period - Jordan Staal is hit by Timo Meier.
18:59 of 1st period - Shot by Artem Anisimov.
18:59 of 1st period - Shot Blocked by Tim Heed.
19:22 of 1st period - Icing by Jason Garrison.
19:23 of 1st period - Artem Anisimov wins face-off versus Kevin Hayes in Flames zone.
19:25 of 1st period - Viktor Arvidsson is hit by Dustin Brown and loses puck.
Goals for this period are 2 for Devils vs 0 for Flames.
Shots for this period are 13 for Devils vs 11 for Flames.

2nd period


0:01 of 2nd period - Nicklas Backstrom wins face-off versus Adam Lowry in neutral zone.
0:14 of 2nd period - Justin Schultz is hit by Adam Lowry and loses puck.
0:51 of 2nd period - Shayne Gostisbehere is hit by Alexander Radulov and loses puck.
1:23 of 2nd period - Shot by James van Riemsdyk.
1:23 of 2nd period - Shot Blocked by Shayne Gostisbehere.
1:27 of 2nd period - Shot by Kyle Palmieri.
1:27 of 2nd period - Shot Misses the Net.
1:29 of 2nd period - Shot by Brandon Sutter.
1:29 of 2nd period - Stopped by Antti Niemi without a rebound.
1:30 of 2nd period - Bo Horvat wins face-off versus Matthew Peca in Devils zone.
1:30 of 2nd period - Sam Reinhart is hit by Jordan Martinook and loses puck.
1:39 of 2nd period - Shot by David Kampf.
1:39 of 2nd period - Shot Misses the Net.
1:41 of 2nd period - Shot by Brady Skjei.
1:41 of 2nd period - Stopped by Antti Niemi with a rebound.
1:43 of 2nd period - Shot by David Kampf.
1:43 of 2nd period - Stopped by Antti Niemi without a rebound.
1:44 of 2nd period - Artem Anisimov wins face-off versus Jordan Staal in Devils zone.
1:53 of 2nd period - Jared Spurgeon is hit by Eric Fehr and loses puck.
2:10 of 2nd period - Shot by Tim Heed.
2:10 of 2nd period - Stopped by Andrei Vasilevskiy without a rebound.
2:11 of 2nd period - Bo Horvat wins face-off versus Brandon Sutter in Flames zone.
3:12 of 2nd period - Eric Fehr is hit by Adam Lowry and loses puck.
3:28 of 2nd period - Shot by Jordan Staal.
3:28 of 2nd period - Stopped by Andrei Vasilevskiy without a rebound.
3:29 of 2nd period - Antoine Vermette wins face-off versus Matthew Peca in Flames zone.
3:29 of 2nd period - Antoine Vermette is hit by Brady Skjei.
4:40 of 2nd period - Shot by Bo Horvat.
4:40 of 2nd period - Stopped by Andrei Vasilevskiy without a rebound.
4:41 of 2nd period - Brandon Sutter wins face-off versus Jordan Staal in Flames zone.
5:04 of 2nd period - Shot by Kyle Palmieri.
5:04 of 2nd period - Shot Blocked by Eric Fehr.
5:25 of 2nd period - Icing by John Carlson.
5:26 of 2nd period - Brandon Sutter wins face-off versus Nicklas Backstrom in Flames zone.
5:32 of 2nd period - Kyle Palmieri is hit by Ryan Pulock and loses puck.
5:48 of 2nd period - John Carlson is hit by Travis Dermott.
6:36 of 2nd period - Shot by Sam Reinhart.
6:36 of 2nd period - Shot Misses the Net.
6:38 of 2nd period - Shot by Justin Schultz.
6:38 of 2nd period - Stopped by Andrei Vasilevskiy without a rebound.
6:39 of 2nd period - Jordan Staal wins face-off versus Artem Anisimov in Flames zone.
6:42 of 2nd period - Shot by Eric Fehr.
6:42 of 2nd period - Stopped by Andrei Vasilevskiy with a rebound.
6:57 of 2nd period - Icing by Jason Garrison.
6:58 of 2nd period - Nicklas Backstrom wins face-off versus Artem Anisimov in Flames zone.
7:02 of 2nd period - Icing by Brady Skjei.
7:03 of 2nd period - Nicklas Backstrom wins face-off versus Viktor Arvidsson in Flames zone.
7:30 of 2nd period - Shot by Artem Anisimov.
7:30 of 2nd period - Goal by Artem Anisimov - Devils : 2 - Flames : 1.
7:31 of 2nd period - Adam Lowry wins face-off versus Bo Horvat in neutral zone.
8:30 of 2nd period - Shot by James van Riemsdyk.
8:30 of 2nd period - Shot Misses the Net.
9:33 of 2nd period - Matthew Peca is hit by Shayne Gostisbehere.
9:39 of 2nd period - Shot by Matthew Peca.
9:39 of 2nd period - Shot Hit the Post.
10:16 of 2nd period - Shot by Pavel Zacha.
10:16 of 2nd period - Stopped by Andrei Vasilevskiy without a rebound.
10:17 of 2nd period - Antoine Vermette wins face-off versus Adam Lowry in Flames zone.
10:20 of 2nd period - Shot by Antoine Vermette.
10:20 of 2nd period - Stopped by Andrei Vasilevskiy with a rebound.
10:22 of 2nd period - Shot by Mike Cammalleri.
10:22 of 2nd period - Shot Misses the Net.
10:34 of 2nd period - Shot by Antoine Vermette.
10:34 of 2nd period - Shot Misses the Net.
10:36 of 2nd period - Shot by Scott Wilson.
10:36 of 2nd period - Deflect By Antoine Vermette.
10:36 of 2nd period - Shot Misses the Net.
10:40 of 2nd period - Shot by Mike Cammalleri.
10:40 of 2nd period - Stopped by Andrei Vasilevskiy with a rebound.
10:42 of 2nd period - Shot by Antoine Vermette.
10:42 of 2nd period - Stopped by Andrei Vasilevskiy with a rebound.
10:44 of 2nd period - Shot by Mike Cammalleri.
10:44 of 2nd period - Goal by Mike Cammalleri - Devils : 3 - Flames : 1.
10:45 of 2nd period - Jordan Staal wins face-off versus Brandon Sutter in neutral zone.
10:48 of 2nd period - Justin Faulk is hit by Jordan Staal and loses puck.
10:55 of 2nd period - John Carlson is hit by Travis Dermott.
11:45 of 2nd period - Shot by Darren Helm.
11:45 of 2nd period - Shot Blocked by Alec Martinez.
11:47 of 2nd period - Shot by Darren Helm.
11:47 of 2nd period - Stopped by Andrei Vasilevskiy without a rebound.
11:48 of 2nd period - Nicklas Backstrom wins face-off versus Artem Anisimov in Flames zone.
11:59 of 2nd period - Shot by Nicklas Backstrom.
11:59 of 2nd period - Shot Blocked by Brady Skjei.
12:01 of 2nd period - Shot by Justin Schultz.
12:01 of 2nd period - Stopped by Andrei Vasilevskiy without a rebound.
12:02 of 2nd period - Adam Lowry wins face-off versus Bo Horvat in Flames zone.
13:05 of 2nd period - Icing by Bo Horvat.
13:06 of 2nd period - Bo Horvat wins face-off versus Artem Anisimov in Devils zone.
13:17 of 2nd period - Shot by Timo Meier.
13:17 of 2nd period - Shot Misses the Net.
13:24 of 2nd period - Off-side.
13:25 of 2nd period - Brandon Sutter wins face-off versus Nicklas Backstrom in neutral zone.
13:50 of 2nd period - Icing by Justin Faulk.
13:51 of 2nd period - Brandon Sutter wins face-off versus Jordan Staal in Flames zone.
14:14 of 2nd period - Shot by Eric Fehr.
14:14 of 2nd period - Stopped by Andrei Vasilevskiy with a rebound.
14:16 of 2nd period - Shot by Eric Fehr.
14:16 of 2nd period - Stopped by Andrei Vasilevskiy without a rebound.
14:17 of 2nd period - Adam Lowry wins face-off versus Dustin Brown in Flames zone.
15:12 of 2nd period - Minor Penalty to David Kampf for Holding.
15:13 of 2nd period - Bo Horvat wins face-off versus Alexander Radulov in Flames zone.
15:30 of 2nd period - Shot by Darren Helm.
15:30 of 2nd period - Stopped by Andrei Vasilevskiy without a rebound.
15:31 of 2nd period - Bo Horvat wins face-off versus Alexander Radulov in Flames zone.
15:31 of 2nd period - Bo Horvat is hit by Justin Faulk.
15:47 of 2nd period - Shot by Sam Reinhart.
15:47 of 2nd period - Shot Blocked by Adam Lowry.
15:49 of 2nd period - Shot by Sam Reinhart.
15:49 of 2nd period - Shot Blocked by Justin Faulk.
15:51 of 2nd period - Shot by Ryan Pulock.
15:51 of 2nd period - Stopped by Andrei Vasilevskiy with a rebound.
16:28 of 2nd period - Shot by Nicklas Backstrom.
16:28 of 2nd period - Stopped by Andrei Vasilevskiy without a rebound.
16:29 of 2nd period - Bo Horvat wins face-off versus Brandon Sutter in Flames zone.
16:40 of 2nd period - Shot by Bo Horvat.
16:40 of 2nd period - Stopped by Andrei Vasilevskiy without a rebound.
16:41 of 2nd period - Matthew Peca wins face-off versus Nicklas Backstrom in Flames zone.
16:52 of 2nd period - Shot by Nicklas Backstrom.
16:52 of 2nd period - Shot Hit the Post.
17:03 of 2nd period - Icing by Ryan Pulock.
17:04 of 2nd period - Adam Lowry wins face-off versus Nicklas Backstrom in Devils zone.
17:11 of 2nd period - Shot by Alexander Radulov.
17:11 of 2nd period - Shot Misses the Net.
17:25 of 2nd period - Shot by Tim Heed.
17:25 of 2nd period - Stopped by Andrei Vasilevskiy without a rebound.
17:26 of 2nd period - Bo Horvat wins face-off versus Artem Anisimov in Flames zone.
19:01 of 2nd period - Kyle Palmieri is hit by Jordan Staal and loses puck.
19:26 of 2nd period - Shot by Rick Nash.
19:26 of 2nd period - Shot Blocked by Eric Fehr.
19:40 of 2nd period - Shot by Alexander Radulov.
19:40 of 2nd period - Deflect By Rick Nash.
19:40 of 2nd period - Stopped by Antti Niemi with a rebound.
19:42 of 2nd period - Shot by Alexander Radulov.
19:42 of 2nd period - Stopped by Antti Niemi without a rebound.
19:43 of 2nd period - Matthew Peca wins face-off versus Sam Reinhart in Devils zone.
19:43 of 2nd period - Matthew Peca is hit by Shayne Gostisbehere.
19:59 of 2nd period - Shot by Justin Faulk.
19:59 of 2nd period - Shot Blocked by Shayne Gostisbehere.
Goals for this period are 1 for Devils vs 1 for Flames.
Shots for this period are 19 for Devils vs 6 for Flames.

3rd period


0:01 of 3rd period - Adam Lowry wins face-off versus Nicklas Backstrom in neutral zone.
0:01 of 3rd period - Adam Lowry is hit by Dustin Brown.
0:18 of 3rd period - Shot by Nicklas Backstrom.
0:18 of 3rd period - Stopped by Andrei Vasilevskiy without a rebound.
0:19 of 3rd period - Brandon Sutter wins face-off versus Bo Horvat in Flames zone.
0:19 of 3rd period - Brandon Sutter is hit by Darren Helm.
0:33 of 3rd period - Shot by Brandon Sutter.
0:33 of 3rd period - Shot Blocked by Darren Helm.
0:35 of 3rd period - Shot by Jared Spurgeon.
0:35 of 3rd period - Stopped by Antti Niemi without a rebound.
0:36 of 3rd period - Nicklas Backstrom wins face-off versus Adam Lowry in Devils zone.
1:17 of 3rd period - Shayne Gostisbehere is hit by Adam Lowry and loses puck.
1:25 of 3rd period - Icing by Justin Schultz.
1:26 of 3rd period - Brandon Sutter wins face-off versus Dustin Brown in Devils zone.
1:29 of 3rd period - Shot by Kyle Palmieri.
1:29 of 3rd period - Stopped by Antti Niemi without a rebound.
1:30 of 3rd period - Bo Horvat wins face-off versus Brandon Sutter in Devils zone.
1:30 of 3rd period - Bo Horvat is hit by Brandon Sutter.
1:45 of 3rd period - Shot by Darren Helm.
1:45 of 3rd period - Shot Misses the Net.
1:47 of 3rd period - Shot by Ryan Pulock.
1:47 of 3rd period - Stopped by Andrei Vasilevskiy without a rebound.
1:48 of 3rd period - Jordan Staal wins face-off versus Artem Anisimov in Flames zone.
1:48 of 3rd period - Jordan Staal is hit by Brady Skjei.
1:52 of 3rd period - Shot by Eric Fehr.
1:52 of 3rd period - Stopped by Andrei Vasilevskiy without a rebound.
1:53 of 3rd period - Bo Horvat wins face-off versus Adam Lowry in Flames zone.
1:57 of 3rd period - Icing by Adam Lowry.
1:58 of 3rd period - Adam Lowry wins face-off versus Nicklas Backstrom in Flames zone.
2:02 of 3rd period - Icing by John Carlson.
2:03 of 3rd period - Adam Lowry wins face-off versus Nicklas Backstrom in Flames zone.
3:04 of 3rd period - Kyle Palmieri is hit by Dustin Brown and loses puck.
3:39 of 3rd period - Shot by Bo Horvat.
3:39 of 3rd period - Shot Misses the Net.
4:34 of 3rd period - Shot by Tim Heed.
4:34 of 3rd period - Shot Misses the Net.
6:14 of 3rd period - Darren Helm is hit by Alexander Radulov.
7:00 of 3rd period - Shot by James van Riemsdyk.
7:00 of 3rd period - Shot Misses the Net.
7:21 of 3rd period - Sam Reinhart is hit by John Carlson and loses puck.
7:32 of 3rd period - Shot by Timo Meier.
7:32 of 3rd period - Stopped by Antti Niemi without a rebound.
7:33 of 3rd period - Matthew Peca wins face-off versus Nicklas Backstrom in Devils zone.
9:23 of 3rd period - Shot by Nicklas Backstrom.
9:23 of 3rd period - Shot Misses the Net.
9:33 of 3rd period - Shot by Kyle Palmieri.
9:33 of 3rd period - Shot Misses the Net.
10:24 of 3rd period - Shot by Bo Horvat.
10:24 of 3rd period - Stopped by Andrei Vasilevskiy with a rebound.
10:26 of 3rd period - Shot by Ryan Pulock.
10:26 of 3rd period - Shot Misses the Net.
11:06 of 3rd period - Shot by Pavel Zacha.
11:06 of 3rd period - Stopped by Andrei Vasilevskiy without a rebound.
11:07 of 3rd period - Antoine Vermette wins face-off versus Adam Lowry in Flames zone.
11:52 of 3rd period - Icing by Justin Schultz.
11:53 of 3rd period - Brandon Sutter wins face-off versus Antoine Vermette in Devils zone.
11:53 of 3rd period - Brandon Sutter is hit by Shayne Gostisbehere.
12:15 of 3rd period - Icing by Brady Skjei.
12:16 of 3rd period - Brandon Sutter wins face-off versus Sam Reinhart in Flames zone.
12:23 of 3rd period - Off-side.
12:24 of 3rd period - Bo Horvat wins face-off versus Matthew Peca in neutral zone.
12:53 of 3rd period - Shot by Bo Horvat.
12:53 of 3rd period - Deflect By Sam Reinhart.
12:53 of 3rd period - Stopped by Andrei Vasilevskiy without a rebound.
12:54 of 3rd period - Nicklas Backstrom wins face-off versus Adam Lowry in Flames zone.
13:10 of 3rd period - Dustin Brown is hit by Rick Nash and loses puck.
13:15 of 3rd period - John Carlson is hit by Dustin Brown and loses puck.
13:45 of 3rd period - Off-side.
13:46 of 3rd period - Darren Helm wins face-off versus James van Riemsdyk in neutral zone.
13:46 of 3rd period - Darren Helm is hit by Brandon Sutter.
15:19 of 3rd period - Shayne Gostisbehere is hit by Alec Martinez and loses puck.
15:52 of 3rd period - Nicklas Backstrom is hit by Alexander Radulov and loses puck.
15:58 of 3rd period - Icing by Tim Heed.
15:59 of 3rd period - Artem Anisimov wins face-off versus Nicklas Backstrom in Devils zone.
16:02 of 3rd period - Shot by Viktor Arvidsson.
16:02 of 3rd period - Shot Blocked by Dakota Mermis.
16:04 of 3rd period - Shot by Brady Skjei.
16:04 of 3rd period - Stopped by Antti Niemi without a rebound.
16:05 of 3rd period - Bo Horvat wins face-off versus Artem Anisimov in Devils zone.
16:16 of 3rd period - Shot by Sam Reinhart.
16:16 of 3rd period - Stopped by Andrei Vasilevskiy without a rebound.
16:17 of 3rd period - Adam Lowry wins face-off versus Antoine Vermette in Flames zone.
17:09 of 3rd period - Nicklas Backstrom is hit by Jason Garrison and loses puck.
17:13 of 3rd period - Icing by Brady Skjei.
17:14 of 3rd period - Bo Horvat wins face-off versus Artem Anisimov in Flames zone.
17:18 of 3rd period - Sam Reinhart is hit by Jason Garrison and loses puck.
17:38 of 3rd period - Shot by Sam Reinhart.
17:38 of 3rd period - Stopped by Andrei Vasilevskiy with a rebound.
17:45 of 3rd period - Minor Penalty to Darren Helm for Hooking.
17:46 of 3rd period - Adam Lowry wins face-off versus Nicklas Backstrom in Devils zone.
17:51 of 3rd period - Shot by Alexander Radulov.
17:51 of 3rd period - Stopped by Antti Niemi without a rebound.
17:52 of 3rd period - Nicklas Backstrom wins face-off versus James van Riemsdyk in Devils zone.
18:12 of 3rd period - Icing by Justin Faulk.
18:13 of 3rd period - Nicklas Backstrom wins face-off versus Brandon Sutter in Flames zone.
18:58 of 3rd period - Shot by Adam Lowry.
18:58 of 3rd period - Stopped by Antti Niemi without a rebound.
18:59 of 3rd period - Adam Lowry wins face-off versus Jordan Staal in Devils zone.
19:04 of 3rd period - Shot by Alec Martinez.
19:04 of 3rd period - Shot Misses the Net.
19:06 of 3rd period - Shot by Rick Nash.
19:06 of 3rd period - Shot Misses the Net.
19:08 of 3rd period - Shot by Adam Lowry.
19:08 of 3rd period - Stopped by Antti Niemi without a rebound.
19:09 of 3rd period - Dustin Brown wins face-off versus Adam Lowry in Devils zone.
19:36 of 3rd period - Icing by Adam Lowry.
19:37 of 3rd period - Adam Lowry wins face-off versus Nicklas Backstrom in Flames zone.
Goals for this period are 0 for Devils vs 0 for Flames.
Shots for this period are 8 for Devils vs 7 for Flames.